 Dungeon Crawl Stone Soup version 0.29-a0-294-g83ea962da3 (webtiles) character file.

Game seed: 10749885800632169554

64255 Essalna the Eclecticist (level 14, -2/69 HPs)
             Began as a Spriggan Conjurer on Mar 17, 2022.
             Was the Champion of Hepliaklqana.
             Slain by a boulder beetle (13 damage)
             ... on level 11 of the Dungeon on Mar 18, 2022.
             The game lasted 01:16:45 (31316 turns).

Essalna the Eclecticist (Spriggan Conjurer)        Turns: 31316, Time: 01:16:45

Health: -2/69      AC: 11    Str:  3    XL:     14   Next: 71%
Magic:  9/34       EV: 23    Int: 36    God:    Hepliaklqana [******]
Gold:   1343       SH:  0    Dex: 14    Spells: 21/43 levels left

rFire   + + +      SeeInvis +   T - +3 Elemental Staff {rElec rF++ rC++ AC+5}
rCold   + + +      Faith    .   (shield currently unavailable)
rNeg    . . .      Spirit   .   Z - +1 robe {rC+ rF+}
rPois   .          Reflect  .   (helmet restricted)
rElec   +          Harm     .   b - +2 cloak {rCorr}
rCorr   +          Rampage  .   (gloves unavailable)
Will    ++...                   (boots unavailable)
Stlth   ++........              (no amulet)
HPRegen 0.21/turn               J - +6 ring of intelligence
MPRegen 0.24/turn               t - +6 ring of intelligence

@: very quick
A: reduced essence, very small, no large weapons, unfitting armour, see
invisible, speed 3
a: Renounce Religion, Recall Ancestor, Ancestor Identity, Transference, Idealise


You were on level 11 of the Dungeon.
You worshipped Hepliaklqana.
Hepliaklqana was exalted by your worship.
You visited 3 branches of the dungeon, and saw 19 of its levels.

You collected 1343 gold pieces.

Inventory:

Hand Weapons
 f - a +3 short sword of freezing
 T - the +3 Elemental Staff (weapon) {rElec rF++ rC++ AC+5}
   (You found it on level 4 of the Lair of Beasts)

   If the wielder is skilled in Evocations, they can discharge powerful blasts
   of elemental energy when striking with it.
   It enhances your fire, ice, earth and air magic.
   AC:        It affects your AC (+5).
   rF:        It greatly protects you from fire.
   rC:        It greatly protects you from cold.
   rElec:     It insulates you from electricity.
Missiles
 D - 3 throwing nets
Armour
 b - a +2 cloak of preservation (worn)
 E - a +2 buckler
 L - a +2 robe of fire resistance
 V - a +0 troll leather armour
 Z - a +1 robe of resistance (worn)
Magical Staves
 u - a staff of air
 H - a staff of fire
Jewellery
 c - a ring of protection from fire
 d - an amulet of faith
 t - a +6 ring of intelligence (right hand)
 x - a ring of willpower
 B - a ring of protection from fire
 J - a +6 ring of intelligence (left hand)
 R - a ring of willpower
 X - an amulet of guardian spirit
 Y - a ring of ice
Wands
 o - a wand of iceblast (22)
 s - a wand of digging (6)
 y - a wand of flame (41)
 K - a wand of charming (16)
 N - a wand of mindburst (9)
Scrolls
 a - a scroll of summoning
 g - 4 scrolls of noise
 i - 15 scrolls of identify
 m - 4 scrolls of enchant weapon
 q - 2 scrolls of magic mapping
 r - a scroll of immolation
 w - 5 scrolls of fear
 z - 3 scrolls of vulnerability
 I - a scroll of fog
 O - 2 scrolls of teleportation
 S - 2 scrolls of amnesia
Potions
 e - 5 potions of curing
 h - 3 potions of lignification
 j - 4 potions of brilliance {unknown}
 k - 2 potions of berserk rage {unknown}
 n - 5 potions of might {unknown}
 p - 3 potions of cancellation {unknown}
 v - 5 potions of flight {unknown}
 A - 4 potions of mutation {unknown}
 C - 2 potions of magic
 F - a potion of degeneration {unknown}
 G - 3 potions of attraction {unknown}
 P - a potion of haste {unknown}
 Q - 6 potions of heal wounds {unknown}
 U - 3 potions of invisibility {unknown}


   Skills:
 + Level 10.3 Fighting
 - Level 11.0 Dodging
 - Level 3.0 Stealth
 + Level 15.4 Spellcasting
 - Level 7.0 Conjurations
 - Level 8.1 Translocations
 + Level 8.9 Fire Magic
 + Level 9.4 Ice Magic


You had 21 spell levels left.
You knew the following spells:

 Your Spells              Type           Power      Damage    Failure   Level
a - Magic Dart            Conj           100%       1d8       1%          1
b - Searing Ray           Conj           100%       2d8       1%          2
c - Ozocubu's Refrigerat  Ice            48%        4d14      24%         7
d - Ignition              Fire           47%        3d13      91%         8
e - Iskenderun's Mystic   Conj/Tloc      70%        2d14      1%          4

Your spell library contained the following spells:

 Spells                   Type           Power      Damage    Failure   Level
 Animate Skeleton         Necr           54%        N/A       1%          1
 Pain                     Necr           100%       1d9       1%          1
 Call Imp                 Summ           27%        N/A       1%          2
 Corpse Rot               Necr/Air       82%        N/A       1%          2
 Poisonous Vapours        Pois/Air       82%        N/A       1%          2
 Dazzling Flash           Conj/Hex       100%       N/A       1%          3
 Mephitic Cloud           Conj/Pois/Air  61%        N/A       1%          3
 Ozocubu's Armour         Ice            97%        N/A       1%          3
 Fulminant Prism          Conj/Hex       26%        3d14      3%          4
 Vampiric Draining        Necr           27%        2d7       4%          3
 Lightning Bolt           Conj/Air       34%        1d51      9%          5
 Airstrike                Air            20%        N/A       13%         4
 Olgreb's Toxic Radiance  Pois           27%        N/A       13%         4
 Summon Lightning Spire   Summ/Air       41%        N/A       13%         4


Dungeon Overview and Level Annotations

Branches:
Dungeon (12/15)            Temple (1/1) D:5            Lair (6/6) D:8
  Swamp (0/4) Lair:4        Snake (0/4) Lair:4        Slime (0/5) Lair:5
    Orc (0/2) D:11

Altars:
Cheibriados
Dithmenos
Elyvilon
Fedhas
Gozag
Hepliaklqana
Kikubaaqudgha
Makhleb
Nemelex Xobeh
Okawaru
Qazlal
Ru
Sif Muna
Trog
Uskayaw
Vehumet
Wu Jian
Xom
Yredelemnul
Zin
The Shining One
Beogh
Jiyva

Shops:
D:3 !

Annotations:
D:3 exclusion: oklob plant
Lair:6 3 runed translucent doors, Murumi's ghost, journeyman OgGl


Innate Abilities, Weirdness & Mutations

Your life essence is reduced to manifest your ancestor. (-10% HP)
You are very small and have problems with some larger weapons.
You are too small for most types of armour.
You have supernaturally acute eyesight. (SInv)
You cover ground extremely quickly. (Speed+++)


Message History

You can't see any susceptible monsters within range! (Use Z to cast anyway.)
The magic dart hits the boulder beetle but does no damage.
The boulder beetle is heavily wounded.
The magic dart hits the boulder beetle but does no damage.
The boulder beetle is heavily wounded.
The magic dart hits the boulder beetle.
The boulder beetle is heavily wounded.
The boulder beetle closely misses you.
The magic dart hits the boulder beetle.
The boulder beetle is heavily wounded.
The boulder beetle bites you!!
Casting: Magic Dart (safe; 1% risk of failure)
Confirm with . or Enter, or press ? or * to list all spells.
You erupt in a blast of force!
The mystic blast hits the boulder beetle but does no damage.
The boulder beetle is heavily wounded.
The boulder beetle closely misses you.
Casting: Iskenderun's Mystic Blast (dangerous; 1% risk of failure)
Confirm with . or Enter, or press ? or * to list all spells.
You erupt in a blast of force!
The mystic blast hits the boulder beetle!
The boulder beetle is severely wounded.
The boulder beetle is knocked back by the mystic blast.
Casting: Iskenderun's Mystic Blast (dangerous; 1% risk of failure)
Confirm with . or Enter, or press ? or * to list all spells.
You erupt in a blast of force!
The mystic blast hits the boulder beetle.
The boulder beetle is almost dead.
The boulder beetle is knocked back by the mystic blast.
The boulder beetle curls into a ball and begins rolling!
Ayize is still trapped in memory!
You are too injured to fight recklessly!
You are too injured to fight recklessly!
You are too injured to fight recklessly!
The boulder beetle hits you!!!
Ouch! That really hurt!
* * * LOW HITPOINT WARNING * * *
The boulder beetle stops rolling and uncurls.
You feel better. The boulder beetle bites you!
You die...

#############
#...........# #
#....>......# #
#...........# #
#...B°°.....# .#####
#..@........# ......
#...........##.#####
#...........##......
#...........########
#...........# #.....
#...........# #.####
.#####...........# #
............##...# #.####
............##...###.....


You could see a boulder beetle.

Vanquished Creatures
  The ghost of flestrin the Peltast, a journeyman FoFi of Hepliaklqana (Lair:5)
  A fire dragon (Lair:4)
  Harold (Lair:2)
  A boulder beetle (Lair:6)
  2 hydras
  6 two-headed ogres
  A merfolk avatar (Lair:6)
  3 death yaks
  A skeletal warrior (D:11)
  2 bog bodies (Lair:4)
  A phantasmal warrior (D:10)
  A deep elf pyromancer (D:11)
  3 cyclopes
  8 elephants
  A manticore (D:11)
  4 black mambas
  9 rime drakes
  A komodo dragon (Lair:5)
  A troll (D:9)
  An ice devil (Lair:4)
  A blink frog (Lair:6)
  Prince Ribbit (D:8)
  2 hornets
  2 wraiths (D:11)
  30 yaks
  2 vampires
  4 wyverns
  A basilisk (Lair:5)
  4 vampire mosquitoes
  5 steam dragons
  2 nagas (Lair:4)
  7 water moccasins
  2 orc warriors (D:10)
  A sky beast (D:5)
  2 ogres
  37 wolves
  3 centaurs
  A kobold brigand (D:9)
  8 bullfrogs
  Blork the orc (D:5)
  2 gnoll sergeants
  2 scorpions
  2 necrophages (D:5)
  4 wights (D:9)
  10 killer bees
  2 electric eels
  3 howler monkeys
  4 orc priests
  A hound (D:6)
  8 jellies
  Crazy Yiuf (D:5)
  2 hell rats (Lair:3)
  5 iguanas
  13 orc wizards
  15 gnolls
  5 adders
  4 white imps
  An ufetubus (D:6)
  3 worms
  2 dart slugs
  43 orcs
  5 ball pythons
  7 bats
  8 endoplasms
  3 giant cockroaches
  4 goblins
  7 hobgoblins
  5 jackals
  26 kobolds
  2 quokkas
  2 frilled lizards
  3 rats
369 creatures vanquished.

Vanquished Creatures (collateral kills)
  A boulder beetle (D:12)
  3 hydras
  A catoblepas (Lair:6)
  Erica (D:8)
  A death yak (Lair:5)
  A death knight (D:11)
  A lindwurm (Lair:4)
  2 harpies (Lair:6)
  An orc knight (D:10)
  A manticore (Lair:6)
  5 elephants
  6 black mambas
  12 cane toads
  A komodo dragon (Lair:1)
  An unseen horror (D:10)
  9 rime drakes
  An ice devil (Lair:4)
  2 trolls
  A wind drake (Lair:6)
  6 polar bears
  A blink frog (Lair:6)
  A snapping turtle (Lair:6)
  21 yaks
  3 wyverns
  8 steam dragons
  2 vampire mosquitoes (D:12)
  3 wraiths (D:11)
  A basilisk (Lair:1)
  An acid dragon (D:9)
  11 water moccasins
  2 ice beasts
  2 orc warriors
  A black bear (Lair:1)
  A sky beast (D:8)
  16 wolves
  3 kobold brigands
  2 scorpions (D:7)
  2 bullfrogs
  A wight (D:9)
  2 howler monkeys
  An orc priest (D:7)
  An iguana (D:7)
  2 orc wizards (D:10)
  3 hell rats (Lair:3)
  2 gnolls (D:6)
  A shadow imp (D:8)
  8 orcs
  A kobold (D:9)
160 creatures vanquished.

Vanquished Creatures (others)
  16 knights
  A bush (Lair:6)
  58 fungi
  112 plants
187 creatures vanquished.

Grand Total: 716 creatures vanquished

Notes
Turn   | Place    | Note
-------+----------+-------------------------------------------
     0 | D:1      | Essalna the Spriggan Conjurer began the quest for the Orb.
     0 | D:1      | Reached XP level 1. HP: 9/9 MP: 5/5
    96 | D:1      | Found a faded altar of an unknown god.
   121 | D:1      | Got Plato's Disquisition on Evil Arts
   458 | D:1      | Reached skill level 3 in Spellcasting
   497 | D:1      | Reached XP level 2. HP: 13/13 MP: 4/7
  1242 | D:2      | Reached XP level 3. HP: 14/16 MP: 3/9
  1619 | D:2      | Reached skill level 4 in Spellcasting
  2007 | D:2      | Reached XP level 4. HP: 21/21 MP: 0/11
  2105 | D:2      | Learned a level 2 spell: Searing Ray
  2420 | D:3      | Found Dihiyv's Distillery.
  2671 | D:3      | Found a blossoming altar of Fedhas.
  2689 | D:3      | Noticed an oklob plant
  2912 | D:3      | Noticed a centaur
  2920 | D:3      | Killed a centaur
  2921 | D:3      | Reached skill level 5 in Spellcasting
  2921 | D:3      | Reached XP level 5. HP: 14/24 MP: 3/13
  4011 | D:4      | Noticed an ogre
  4015 | D:4      | Killed an ogre
  4016 | D:4      | Reached skill level 6 in Spellcasting
  4016 | D:4      | Reached XP level 6. HP: 28/28 MP: 10/16
  4371 | D:5      | Entered Level 5 of the Dungeon
  4371 | D:5      | Noticed Blork the orc
  4689 | D:5      | Reached skill level 1 in Fighting
  4893 | D:5      | HP: 1/30 [killer bee (7)]
  4898 | D:5      | Reached XP level 7. HP: 17/33 MP: 9/17
  5134 | D:5      | Reached skill level 5 in Conjurations
  5418 | D:5      | Found a staircase to the Ecumenical Temple.
  5425 | Temple   | Entered the Ecumenical Temple
  5601 | Temple   | Became a worshipper of Hepliaklqana the Forgotten
  5634 | D:5      | Killed Blork the orc
  5635 | D:5      | Reached skill level 7 in Spellcasting
  5990 | D:5      | Reached skill level 5 in Dodging
  5990 | D:5      | Reached XP level 8. HP: 39/39 MP: 12/19
  6102 | D:5      | Reached skill level 8 in Spellcasting
  6526 | D:5      | Found a runed translucent door.
  6527 | D:5      | Noticed Crazy Yiuf
  6533 | D:5      | Killed Crazy Yiuf
  6861 | D:6      | Learned a level 7 spell: Ozocubu's Refrigeration
  7264 | D:6      | Reached XP level 9. HP: 45/45 MP: 18/22
  7488 | D:6      | Reached * piety under Hepliaklqana
  7649 | D:6      | Reached skill level 1 in Ice Magic
  8913 | D:7      | Reached ** piety under Hepliaklqana
  8947 | D:7      | Remembered your ancestor Ayize as a knight
  9042 | D:7      | Reached skill level 9 in Spellcasting
 10036 | D:8      | Learned a level 8 spell: Ignition
 10399 | D:8      | Reached XP level 10. HP: 45/45 MP: 14/24
 10507 | D:8      | Found a staircase to the Lair.
 10573 | D:8      | Reached skill level 5 in Fighting
 10619 | D:8      | Noticed Prince Ribbit
 10625 | D:8      | Killed Prince Ribbit
 10705 | D:8      | Reached skill level 1 in Fire Magic
 10846 | D:8      | Upgraded the game from 0.29-a0-289-g2178c42546 to
                  | 0.29-a0-294-g83ea962da3
 10901 | D:8      | Noticed Erica
 10911 | D:8      | HP: 2/45 [Erica/+1 scimitar of flaming (3)]
 10913 | D:8      | Killed Erica
 11417 | Lair:1   | Entered Level 1 of the Lair of Beasts
 11417 | Lair:1   | Noticed a five-headed hydra
 11427 | Lair:1   | Killed a five-headed hydra
 11428 | Lair:1   | Reached skill level 10 in Spellcasting
 11547 | Lair:1   | Reached *** piety under Hepliaklqana
 11905 | Lair:1   | Noticed a black mamba
 11915 | Lair:1   | Killed a black mamba
 11956 | Lair:1   | Reached skill level 10 in Dodging
 11956 | Lair:1   | Reached XP level 11. HP: 34/50 MP: 16/26
 13164 | Lair:2   | Reached skill level 11 in Spellcasting
 13592 | Lair:2   | Noticed a four-headed hydra
 13600 | Lair:2   | Killed a four-headed hydra
 13601 | Lair:2   | Reached skill level 5 in Ice Magic
 13743 | Lair:2   | Reached **** piety under Hepliaklqana
 13945 | Lair:2   | Noticed Harold
 14451 | Lair:2   | Killed Harold
 15238 | Lair:3   | Reached skill level 5 in Fire Magic
 15238 | Lair:3   | Reached XP level 12. HP: 29/56 MP: 17/28
 15245 | Lair:3   | Reached skill level 12 in Spellcasting
 15436 | Lair:3   | Learned a level 4 spell: Iskenderun's Mystic Blast
 15485 | Lair:3   | Reached skill level 1 in Translocations
 16415 | Lair:4   | Found a staircase to the Snake Pit.
 16987 | Lair:4   | Reached ***** piety under Hepliaklqana
 17019 | Lair:4   | Found the +3 Elemental Staff {rElec rF++ rC++ AC+5}
 17190 | Lair:4   | Reached skill level 5 in Translocations
 17462 | Lair:4   | Noticed a fire dragon
 17467 | Lair:4   | Reached skill level 13 in Spellcasting
 17862 | Lair:4   | Found a staircase to the Swamp.
 18350 | Lair:4   | Reached XP level 13. HP: 61/61 MP: 25/31
 18603 | Lair:4   | Killed a fire dragon
 19415 | Lair:5   | Found a runed translucent door.
 19415 | Lair:5   | Found a viscous altar of Jiyva.
 19423 | Lair:5   | Found a staircase to the Slime Pits.
 21143 | Lair:5   | Found a large runed translucent door.
 21144 | Lair:5   | Found a large runed translucent door.
 21146 | Lair:5   | Noticed flestrin's ghost (journeyman FoFi)
 21167 | Lair:5   | Killed flestrin's ghost
 22235 | Lair:6   | Entered Level 6 of the Lair of Beasts
 22347 | Lair:6   | Reached skill level 14 in Spellcasting
 23986 | Lair:6   | Found a runed translucent gate.
 23986 | Lair:6   | Found a runed translucent gate.
 23986 | Lair:6   | Found a runed translucent gate.
 23987 | Lair:6   | Noticed Murumi's ghost (journeyman OgGl)
 23990 | Lair:6   | Noticed a minotaur
 25000 | Lair:6   | Reached XP level 14. HP: 56/67 MP: 21/33
 25505 | Lair:6   | Identified the +5 chain mail "Nogax" {rPois rC+ Int+4
                  | Dex+4}
 27599 | D:10     | Entered Level 10 of the Dungeon
 28011 | D:10     | Found a runed translucent door.
 28673 | D:11     | Reached skill level 15 in Spellcasting
 28966 | D:11     | Found a staircase to the Orcish Mines.
 29118 | D:11     | Reached ****** piety under Hepliaklqana
 29257 | D:11     | Reached skill level 10 in Fighting
 31315 | D:11     | HP: 3/69 [boulder beetle (49)]
 31316 | D:11     | Slain by a boulder beetle

Illustrated notes

Levels and vault maps discovered:
D:1:      scummos_arrival_hexagon, layout_basic,
          shapermc_ecumenical_altar_rom_forum, minivault_24,
          nicolae_concentric_dashed_squares_mild, minmay_small_reverse_x
D:2:      layout_rooms
D:3:      layout_basic, tgw_fedhas, serial_shops, nicolae_shop_statue_plus,
          chequers_serial_rivers_large_b
D:4:      layout_loops_ring, minmay_misc_feat_plants, roderic_roman_lattice,
          st_stairs_13, minmay_ruptured
D:5:      layout_loops_cross, minmay_temple_entry_enclosed_plants,
          uniq_blork_the_orc, uniq_crazy_yiuf_cottage
D:6:      layout_layer_cave
D:7:      layout_cave_pools, serial_bayou_lagoon_a, minmay_fractal_squares_5
D:8:      layout_loops_ring, lair_entry_dummy, grunt_ministairs_6, uniq_erica,
          uniq_prince_ribbit1
D:9:      minmay_curly_fans, layout_loops_ring
D:10:     layout_big_octagon, lightli_church_of_beogh
D:11:     minmay_ornate_pinched, layout_basic, hiddenorc2_lemuel
D:12:     layout_irregular_city, serial_shops, nicolae_stop_n_shop_1,
          serial_bayou_ford_a, kennysheep_minor_cross, hangedman_decor_lopped
Temple:   mainiacjoe_temple_circle_huts
Lair:1:   layout_gridlike, grunt_forest_large_clearings
Lair:2:   layout_chaotic_city, uniq_harold
Lair:3:   layout_concentric_octagons
Lair:4:   layout_loops_ring, skrybe_swamp_entry_bodies,
          guppyfry_snake_entry_island, portal_ice_cave_demonic_guard,
          bobbens_dragon_lair_wall
Lair:5:   layout_cellular_growth, slime_altar_2, ebering_ghost_disaster_area
Lair:6:   gammafunk_lair_ancient_temple, layout_regular_city,
          maelrawn_ghost_gauntlet_escape

Skill      XL: |  1  2  3  4  5  6  7  8  9 10 11 12 13 14 |
---------------+-------------------------------------------+-----
Conjurations   | 3 4 5 6 7 |  7.0
Spellcasting   | 3 4 5 6 7 8 9 10 11 13 14 15 | 15.4
Dodging        | 3 5 6 8 10 11 | 11.0
Fighting       | 1 2 3 4 5 7 8 9 10 | 10.3
Ice Magic      | 2 4 5 7 8 9 |  9.4
Fire Magic     | 3 5 6 7 8 |  8.9
Translocations | 6 8 |  8.1
Stealth        | |  3.0

Action                   |  1- 3 |  4- 6 |  7- 9 | 10-12 | 13-15 || total
-------------------------+-------+-------+-------+-------+-------++-------
Melee: Short sword       |    26 |     6 |       |    13 |       ||    45
       Staff             |       |       |       |       |    20 ||    20
 Cast: Magic Dart        |    91 |    69 |   246 |   464 |   714 ||  1584
       Searing Ray       |       |    10 |    23 |    48 |    95 ||   176
       Iskenderun's Myst |       |       |       |    13 |   118 ||   131
Invok: Recall Ancestor   |       |       |     3 |    19 |    27 ||    49
       Ancestor Life: Kn |       |       |     1 |       |       ||     1
       Transference      |       |       |       |       |     1 ||     1
  Use: Potion            |       |     2 |     1 |     2 |     1 ||     6
       Scroll            |       |       |       |       |    14 ||    14
 Stab: Sleeping          |       |     1 |       |       |       ||     1
Armor: Robe              |     3 |     2 |     6 |    26 |    63 ||   100
Dodge: Dodged            |    31 |    37 |    70 |   168 |   338 ||   644
Block: Buckler           |       |       |    15 |    57 |       ||    72

Table legend: (Time is in decaauts)
 A = Elapsed time spent in this place.
 B = Non-inter-level travel time spent in this place.
 C = Inter-level travel time spent in this place.
 D = Time resting spent in this place.
 E = Time spent auto-exploring this place.
 F = Levels seen in this place.
 G = Mean time per level.
                   A        B        C        D        E       F      G
               +--------+--------+--------+--------+--------+-----+--------+
         Total |  26083 |  25129 |    954 |    660 |  20253 |  19 | 1372.8 |
       Dungeon |  13626 |  13233 |    393 |    378 |  11093 |  12 | 1135.5 |
        Temple |    113 |     97 |     16 |      0 |     82 |   1 |  113.0 |
          Lair |  12343 |  11799 |    544 |    282 |   9077 |   6 | 2057.2 |
               +--------+--------+--------+--------+--------+-----+--------+

Top non-repeatable levels by time:
  Lair:4: 3183 daAuts
  Lair:6: 2630 daAuts
  Lair:5: 2286 daAuts
     D:5: 1887 daAuts
    D:11: 1784 daAuts
     D:6: 1732 daAuts
  Lair:2: 1731 daAuts
     D:8: 1350 daAuts
  Lair:3: 1272 daAuts
    D:10: 1263 daAuts
  Lair:1: 1239 daAuts
     D:9: 1143 daAuts
     D:1: 1124 daAuts
     D:7: 820 daAuts
     D:2: 807 daAuts
